 Dungeon Crawl Stone Soup version 0.30.1-4-g462c640d31 (webtiles) character file.

Game seed: 8921698379298190406

6515 ranchalot the Basher (level 10, 0/84 HPs)
             Began as a Minotaur Gladiator on Aug 26, 2023.
             Was a Priest of Sif Muna.
             Succumbed to a killer bee's poison
             ... on level 9 of the Dungeon on Aug 27, 2023.
             The game lasted 01:43:20 (4432 turns).

ranchalot the Basher (Minotaur Gladiator)           Turns: 4432, Time: 01:43:21

Health: 0/84       AC: 11    Str: 21    XL:     10   Next: 69%
Magic:  9/9        EV: 12    Int:  7    God:    Sif Muna [***...]
Gold:   230        SH:  4    Dex: 15    Spells: 9/9 levels left

rFire   . . .        H - +3 morningstar (drain)
rCold   + . .        I - +0 buckler
rNeg    + . .        L - +1 ring mail of Transparent Lucidity {*Slow rN+ Dex+3 Slay+3}
rPois   .            c - +0 hat
rElec   .            (no cloak)
rCorr   .            (no gloves)
SInv    .            (no boots)
Will    .....        (no amulet)
Stlth   +            M - ring of protection from cold
HPRegen 0.34/turn    p - +4 ring of protection
MPRegen 0.11/turn

%: slow self (1%)
@: lethally poisoned (0 -> -2)
A: horns 2, retaliatory headbutt
a: Renounce Religion, Channel Magic, Forget Spell


You were on level 9 of the Dungeon.
You worshipped Sif Muna.
Sif Muna was most pleased with you.
You visited 2 branches of the dungeon, and saw 8 of its levels.

You collected 230 gold pieces.

Inventory:

Hand Weapons
 a - a +1 war axe
 e - a +3 scimitar of flaming
 w - a +1 heavy trident
 D - a +0 giant spiked club
 F - a +3 heavy spear
 H - a +3 morningstar of draining (weapon)
 K - a +1 halberd of flaming
Missiles
 d - 2 throwing nets
 g - 2 boomerangs
 z - 17 stones
 J - a poisoned dart
 O - 4 datura-tipped darts (quivered)
Armour
 c - a +0 hat (worn)
 q - a +1 plate armour
 t - an orb of energy
 C - a +0 ring mail of cold resistance
 I - a +0 buckler (worn)
 L - the +1 ring mail of Transparent Lucidity (worn) {*Slow rN+ Dex+3 Slay+3}
   (You found it on level 5 of the Dungeon)

   Dex:       It affects your dexterity (+3).
   Slay:      It affects your accuracy & damage with ranged weapons and melee
   (+3).
   rN:        It protects you from negative energy.
   *Slow:     It may slow you when you take damage.
Magical Staves
 N - a staff of earth
Jewellery
 k - a +6 ring of intelligence
 p - a +4 ring of protection (right hand)
 u - a ring of magical power
 M - a ring of protection from cold (left hand)
Wands
 v - a wand of iceblast (8)
 E - a wand of digging (3)
Scrolls
 b - a scroll of enchant armour
 j - 3 scrolls of identify
 l - a scroll of silence
 o - a scroll of enchant weapon
 r - 3 scrolls of teleportation
 A - a scroll of immolation
Potions
 f - a potion of mutation {unknown}
 i - a potion of flight {unknown}
 n - a potion of might {unknown}
 s - a potion of lignification {unknown}
 x - a potion of cancellation
Miscellaneous
 G - a condenser vane


   Skills:
 + Level 6.5 Fighting
 + Level 1.5 Long Blades
 + Level 9.3(13.0) Axes
 + Level 14.4(15.5) Maces & Flails
 + Level 0.6(5.8) Polearms
 + Level 2.6 Throwing
 + Level 7.7 Armour
 + Level 4.3 Dodging
 + Level 1.4 Stealth
 + Level 1.7 Shields
 + Level 0.4 Evocations


You had 9 spell levels left.
You didn't know any spells.
Your spell library contained the following spells:

 Spells                   Type           Power      Damage    Failure   Level
 Blink                    Tloc           0%         N/A       80%         2
 Call Canine Familiar     Summ           0%         N/A       95%         3
 Inner Flame              Hex/Fire       0%         N/A       95%         3
 Portal Projectile        Hex/Tloc       0%         N/A       95%         3
 Animate Armour           Summ/Erth      0%         N/A       100%        4
 Leda's Liquefaction      Hex/Erth       0%         N/A       100%        4
 Manifold Assault         Tloc           0%         N/A       100%        4
 Blade Hands              Tmut           0%         N/A       100%        5
 Yara's Violent Unravell  Hex/Tmut       0%         3d3       100%        5
 Iron Shot                Conj/Erth      0%         9d1       100%        6
 Enfeeble                 Hex            0%         N/A       100%        7
 Storm Form               Tmut/Air       0%         N/A       100%        7


Dungeon Overview and Level Annotations

Branches:
Dungeon (9/15)             Temple (1/1) D:4
   Lair: D:8-11         Orc: D:9-12

Altars:
Dithmenos
Kikubaaqudgha
Sif Muna

Shops:
D:5 *[(


Innate Abilities, Weirdness & Mutations

You have a pair of horns on your head.
You reflexively headbutt those who attack you in melee.


Message History

You are lethally poisoned!
The killer bee poisons you! The killer bee barely misses you.
You furiously retaliate!
You headbutt the killer bee! You puncture the killer bee!
You kill the killer bee!
Sif Muna accepts your kill.
* * * LOW HITPOINT WARNING * * *
You feel very sick.
Your condenser vane has recharged.
As you read the scroll of teleportation, it crumbles to dust.
You feel strangely unstable.
* * * LOW HITPOINT WARNING * * *
You feel very sick.
* * * LOW HITPOINT WARNING * * *
You feel sick.
Things that are here:
a +0 robe; the human corpse of Erica Read: scroll of fear
Press: ? - help, Q - select action, (/) - cycle Dir - look around, f - activate
As you read the scroll of fear, it crumbles to dust.
You assume a fearsome visage.
Nothing appears to happen.
* * * LOW HITPOINT WARNING * * *
You feel sick.
There is a lethal amount of poison in your body!
It was a potion of invisibility.
You fade into invisibility!
* * * LOW HITPOINT WARNING * * *
You feel sick.
You feel strangely stable.
Your magical effects are unravelling.
You feel magically purged.
You flicker back into view.
* * * LOW HITPOINT WARNING * * *
You feel sick.
It was a potion of experience.
You feel more experienced!
Your base Maces & Flails skill gained 6 levels and is now at level 14!
You have reached level 10!
You die...

....#(#
###'#######
#..#.#
#.......'
#..#.#####
#.#.#####
#........#
#.#.# #
##.#.###.#
#.#.# #
#.#.# #.#
#.#.# #
#.#(# #.#
#.#.# #.#.#
#.# #.#.#
#.#@# #.#
#.#.# ..#.#
#.####.#
###.#
#......#
#.##########
#.........
##########


There were no monsters in sight!

Vanquished Creatures
  Erica (D:9)
  A troll (D:9)
  A hornet (D:9)
  Grinder (D:4)
  A vampire (D:9)
  Eustachio (D:4)
  A sky beast (D:6)
  3 ogres
  A black bear (D:4)
  2 phantoms
  4 gnoll sergeants (D:5)
  A scorpion (D:5)
  A killer bee (D:9)
  2 howler monkeys (D:9)
  3 gnoll boudas (D:5)
  4 orc priests
  6 hounds (D:5)
  An iguana (D:5)
  An orc wizard (D:9)
  9 adders
  19 gnolls (D:5)
  An ufetubus (D:6)
  2 worms
  A dart slug (D:5)
  15 orcs
  7 endoplasms
  A giant cockroach (D:3)
  9 goblins
  4 hobgoblins
  10 jackals
  4 quokkas
  8 ball pythons
  3 bats
  3 frilled lizards
  6 kobolds
  4 rats
  A spectral hobgoblin (D:3)
143 creatures vanquished.

Notes
Turn   | Place    | Note
-------+----------+-------------------------------------------
     0 | D:1      | ranchalot the Minotaur Gladiator began the quest for the
                  | Orb.
     0 | D:1      | Reached XP level 1. HP: 18/18 MP: 0/0
   299 | D:1      | Reached XP level 2. HP: 20/25 MP: 1/1
  1020 | D:2      | Reached XP level 3. HP: 20/30 MP: 2/2
  1026 | D:2      | Reached skill level 1 in Armour
  1097 | D:2      | Reached XP level 4. HP: 33/37 MP: 3/3
  1594 | D:3      | Found a faded altar of an unknown god.
  1620 | D:3      | Prayed at the altar of an unknown god.
  1620 | D:3      | Became a worshipper of Sif Muna the Loreminder
  1620 | D:3      | Reached * piety under Sif Muna
  1635 | D:3      | Found an ancient bone altar of Kikubaaqudgha.
  1637 | D:3      | Found a shadowy altar of Dithmenos.
  1720 | D:3      | Reached skill level 1 in Long Blades
  1849 | D:3      | Reached XP level 5. HP: 35/45 MP: 4/4
  2362 | D:4      | Noticed Grinder
  2380 | D:4      | Killed Grinder
  2381 | D:4      | Reached skill level 5 in Axes
  2381 | D:4      | Reached XP level 6. HP: 27/52 MP: 5/5
  2409 | D:4      | Found a staircase to the Ecumenical Temple.
  2466 | Temple   | Entered the Ecumenical Temple
  2466 | Temple   | Noticed a cacodemon
  2466 | Temple   | Noticed a soul eater
  2466 | Temple   | Noticed an orange demon
  2466 | Temple   | Noticed a chaos spawn
  2466 | Temple   | Noticed a hellion
  2467 | Temple   | Noticed an Executioner
  2467 | Temple   | Noticed Urhuh the pandemonium lord
  2468 | Temple   | Noticed Pezofut the pandemonium lord
  2468 | Temple   | Noticed a soul eater
  2468 | Temple   | Noticed Tykeisio the pandemonium lord
  2698 | D:4      | Reached skill level 5 in Armour
  2734 | D:4      | Reached ** piety under Sif Muna
  2741 | D:4      | Noticed Eustachio
  2759 | D:4      | Reached XP level 7. HP: 53/59 MP: 6/6
  2774 | D:4      | Killed Eustachio
  3105 | D:5      | Entered Level 5 of the Dungeon
  3105 | D:5      | Found Sal Ceef's Antique Weapon Emporium.
  3259 | D:5      | Reached XP level 8. HP: 40/67 MP: 7/7
  3268 | D:5      | Found Fyis's Assorted Antiques.
  3499 | D:5      | Found Anuahit's Antique Armour Emporium.
  3547 | D:5      | Reached skill level 1 in Maces & Flails
  3589 | D:5      | Reached skill level 2 in Maces & Flails
  3604 | D:5      | Reached skill level 5 in Fighting
  3811 | D:5      | Reached skill level 3 in Maces & Flails
  3961 | D:5      | Identified the +1 ring mail of Transparent Lucidity {*Slow
                  | rN+ Dex+3 Slay+3}
  4186 | D:6      | Reached skill level 4 in Maces & Flails
  4210 | D:6      | Reached XP level 9. HP: 72/75 MP: 8/8
  4215 | D:6      | You fall into a shaft and drop 3 floors!
  4234 | D:9      | Reached skill level 5 in Maces & Flails
  4246 | D:9      | Reached *** piety under Sif Muna
  4366 | D:9      | Noticed a troll
  4381 | D:9      | Killed a troll
  4382 | D:9      | Reached skill level 6 in Maces & Flails
  4382 | D:9      | Reached skill level 1 in Stealth
  4397 | D:9      | Noticed Erica
  4409 | D:9      | Reached skill level 1 in Shields
  4417 | D:9      | Killed Erica
  4418 | D:9      | Reached skill level 8 in Maces & Flails
  4429 | D:9      | HP: 3/78 [poisoned by a killer bee]
  4430 | D:9      | HP: 1/78 [poisoned by a killer bee]
  4432 | D:9      | Reached skill level 14 in Maces & Flails
  4432 | D:9      | Reached XP level 10. HP: 1/84 MP: 9/9
  4432 | D:9      | Succumbed to a killer bee's poison

Illustrated notes

Levels and vault maps discovered:
D:1:      elethiomel_arrival_quiet, layout_basic, serial_corexii_hall,
          chequers_hall_statues_y, corexii_hall_statues_deadend, chequers_jeans,
          item_on_display_a
D:2:      layout_basic
D:3:      layout_rooms, mainiacjoe_overflow_catwalk_spiral, serial_corexii_hall,
          corexii_hall_statues_x, corexii_hall_statues_t,
          corexii_hall_statues_x, dreamdust_ecumenical_altar_drowned_temple
D:4:      layout_gridville, temple_doors_e, uniq_eustachio, uniq_grinder
D:5:      layout_cave_pools, serial_shops, shop, shop,
          nicolae_shop_overgrown_old_shop, serial_gnoll_camp,
          gnoll_camp_mini_hut, gnoll_camp_huts_basic, gnoll_camp_mini_hut,
          gnoll_camp_mini_sergeant, gnoll_camp_mini_hut,
          gnoll_camp_mini_doghouse
D:6:      layout_rooms, lightli_sewer_entry_pipes, eino_tiny_chamber,
          nicolae_shop_i_like_small_books_too, minmay_crystal_water
D:9:      minmay_tri_box, layout_basic, serial_aquarium,
          aquarium_bridge_long_separate [aquarium_subvault_balcony,
          aquarium_subvault_wall, aquarium_subvault_bridge,
          aquarium_subvault_bridge, aquarium_subvault_window,
          aquarium_subvault_window], aquarium_bridge_square
          [aquarium_subvault_wall, aquarium_subvault_window,
          aquarium_subvault_bridge, aquarium_subvault_bridge],
          aquarium_window_fake, aquarium_window_1, aquarium_view_2a,
          aquarium_pool_1, nrook_mini_vaults, uniq_erica
Temple:   nicolae_temple_panitentiary

Skill      XL: |  1  2  3  4  5  6  7  8  9 |
---------------+----------------------------+-----
Axes           | 4 5 6 8 9 |  9.3
Armour         | 1 2 4 5 6 7 |  7.7
Fighting       | 3 4 5 6 |  6.5
Long Blades    | 1 |  1.5
Dodging        | 4 |  4.3
Maces & Flails | 4 14 | 14.4
Stealth        | 1 |  1.4
Shields        | 1 |  1.7
Polearms       | |  0.6
Throwing       | |  2.6
Evocations     | |  0.4

Action                     |  1- 3 |  4- 6 |  7- 9 | 10-12 || total
---------------------------+-------+-------+-------+-------++-------
  Melee: War axe           |    34 |   101 |    59 |       ||   194
         Headbutt          |     7 |    20 |    33 |       ||    60
         Long sword        |    17 |       |       |       ||    17
         Whip              |       |       |     6 |       ||     6
         Morningstar       |       |       |   101 |       ||   101
         Spear             |       |       |    18 |       ||    18
  Throw: Stone             |     6 |       |       |       ||     6
         Throwing net      |     1 |       |     1 |       ||     2
         Javelin           |       |     1 |     1 |       ||     2
         Dart              |       |       |     3 |       ||     3
  Evoke: Wand              |       |       |     2 |       ||     2
         Condenser vane    |       |       |     1 |       ||     1
    Use: Potion            |     1 |     2 |    12 |       ||    15
         Scroll            |       |     3 |     8 |       ||    11
   Stab: Confused          |       |       |     1 |       ||     1
 Armour: Plate armour      |    36 |    71 |   142 |       ||   249
         Leather armour    |     1 |       |       |       ||     1
         Ring mail         |       |       |    17 |       ||    17
  Dodge: Dodged            |    30 |    39 |    87 |       ||   156
  Block: Buckler           |       |       |     8 |       ||     8
